 Dungeon Crawl Stone Soup version 0.27.1 (webtiles) character file.

Game seed: 7727507359010928968

74 Thatpatchoflichen the Skirmisher (level 4, -1/40 HPs)
             Began as a Hill Orc Monk on Sept 2, 2021.
             Succumbed to an adder's poison
             ... on level 2 of the Dungeon.
             The game lasted 00:04:51 (1756 turns).

Thatpatchoflichen the Skirmisher (Hill Orc Monk)    Turns: 1756, Time: 00:04:52

Health: -1/40      AC:  9    Str: 14    XL:     4   Next: 30%
Magic:  4/4        EV:  7    Int: 10    God:
Gold:   45         SH:  0    Dex: 13    Spells: 3/3 levels left

rFire    . . .     SeeInvis .   d - +1 short sword (drain)
rCold    . . .     Faith    .   (no shield)
rNeg     . . .     Spirit   .   k - +0 chain mail
rPois    .         Reflect  .   (no helmet)
rElec    .         Harm     .   (no cloak)
rCorr    .         Rampage  .   (no gloves)
Will     .....                  (no boots)
Stlth    ..........             (no amulet)
HPRegen  0.13/turn              (no ring)
MPRegen  0.09/turn              (no ring)

@: lethally poisoned (-1 -> -8)
A: no striking features
a: no special abilities


You were on level 2 of the Dungeon.
You visited 1 branch of the dungeon, and saw 2 of its levels.

You collected 45 gold pieces.

Inventory:

Hand Weapons
 a - a +0 hand axe
 d - a +1 short sword of draining (weapon)
 j - a +0 dagger of holy wrath
Missiles
 f - 14 poisoned darts (quivered)
 h - 7 atropa-tipped darts
 i - 28 stones
Armour
 b - a +0 robe
 c - a +0 leather armour
 k - a +0 chain mail (worn)
Scrolls
 g - a scroll of identify {unknown}
Potions
 e - a potion of curing {unknown}
 l - a potion of invisibility {unknown}


   Skills:
 + Level 4.1 Fighting
 - Level 4.0 Axes
 * Level 3.7 Armour
 - Level 2.4 Dodging
 - Level 1.5 Stealth


You had 3 spell levels left.
You didn't know any spells.
Your spell library contained the following spells:

 Spells                   Type           Power      Damage    Failure   Level
 Magic Dart               Conj           0%         1d3       100%        1
 Call Imp                 Summ           0%         N/A       100%        2
 Mephitic Cloud           Conj/Pois/Air  0%         N/A       100%        3


Dungeon Overview and Level Annotations

Branches:
Dungeon (2/15)

Altars:


Message History

You hit the kobold.
You kill the kobold!
You feel sick. The adder completely misses you.
Found 13 sling bullets.
You feel sick.
You are no longer poisoned.
The adder bites you but does no damage. The adder bites you but does no damage.
You hit the adder.
The adder is heavily wounded.
The adder bites you.
* * * LOW HITPOINT WARNING * * *
The adder bites you.
* * * LOW HITPOINT WARNING * * *
You barely miss the adder.
The adder is heavily wounded.
The adder bites you but does no damage.
You barely miss the adder.
The adder is heavily wounded.
The adder bites you.
* * * LOW HITPOINT WARNING * * *
You barely miss the adder.
The adder is heavily wounded.
The adder bites you.
* * * LOW HITPOINT WARNING * * *
The adder barely misses you.
You hit the adder but do no damage.
The adder is heavily wounded.
The adder barely misses you.
You hit the adder.
The adder is almost dead.
The adder barely misses you. The adder bites you but does no damage.
You completely miss the adder.
The adder is almost dead.
The adder bites you.
* * * LOW HITPOINT WARNING * * *
You are lethally poisoned!
The adder poisons you!
You puncture the adder!
You kill the adder!
You die...

# #. #.#######
##....?..######## #.
................# #.
........>.....#.## #. ..
.........).......# #. #.
#.#.....###†####.# #.
##.###.#....†#$.@#$.# .#.
.#.....#.....#(..#..#...#.##
.#.....#.....###.......##.<#
.#.....####.†.....# #......#
.#.....####..#..#..[#..###.#
.#......†.†..#.)#..[#. #.#
.#....######.####.### #.#
.#....# #... .. #.# .#....#
####.### #.#


There were no monsters in sight!

Vanquished Creatures
  3 adders (D:2)
  An orc (D:2)
  9 bats
  7 endoplasms
  3 giant cockroaches
  4 hobgoblins
  4 quokkas
  6 ball pythons
  3 frilled lizards
  2 goblins (D:1)
  5 kobolds
  4 rats
  A spectral goblin (D:1)
52 creatures vanquished.

Vanquished Creatures (others)
  A fungus (D:2)
1 creature vanquished.

Grand Total: 53 creatures vanquished

Notes
Turn   | Place    | Note
-------+----------+-------------------------------------------
     0 | D:1      | Thatpatchoflichen the Hill Orc Monk began the quest for the
                  | Orb.
     0 | D:1      | Reached XP level 1. HP: 19/19 MP: 1/1
   216 | D:1      | Reached skill level 1 in Armour
   218 | D:1      | Reached XP level 2. HP: 16/27 MP: 2/2
   562 | D:1      | Found a faded altar of an unknown god.
   705 | D:1      | Reached XP level 3. HP: 29/33 MP: 3/3
  1679 | D:2      | Reached XP level 4. HP: 40/40 MP: 4/4
  1751 | D:2      | HP: 2/40 [adder (2)]
  1756 | D:2      | Succumbed to an adder's poison

Illustrated notes

Levels and vault maps discovered:
D:1:      saegor_arrival_miasma, layout_loops_cross,
          dreamdust_ecumenical_altar_drowned_temple
D:2:      layout_basic, basic_altar, minmay_octomino_c4, uniq_sigmund,
          uniq_crazy_yiuf_cottage, uniq_robin

Skill      XL: |  1  2  3 |
---------------+----------+-----
Armour         | 1 2 3 |  3.7
Fighting       | 4 |  4.1
Axes           | |  4.0
Dodging        | |  2.4
Stealth        | |  1.5

Action                   |  1- 3 |  4- 6 || total
-------------------------+-------+-------++-------
Melee: Hand axe          |    14 |       ||    14
       Short sword       |   103 |    30 ||   133
       Dagger            |    16 |       ||    16
 Stab: Sleeping          |     2 |       ||     2
Armor: Leather armour    |    27 |       ||    27
       Chain mail        |     6 |    23 ||    29
Dodge: Dodged            |   105 |    20 ||   125
